 Dungeon Crawl Stone Soup version 0.30.0-15-g856e2d3f33 (webtiles) character file.

Game seed: 7024277052045489151

2576 minhee2137 the Basher (level 9, -3/79 HPs)
             Began as a Minotaur Berserker on May 19, 2023.
             Was a Priest of Trog.
             Slain by an orc warrior
             ... wielding a +0 war axe
              (9 damage)
             ... in a bailey.
             The game lasted 00:20:34 (4236 turns).

minhee2137 the Basher (Minotaur Berserker)          Turns: 4236, Time: 00:20:34

Health: -3/79      AC:  9    Str: 30    XL:     9   Next: 32%
Magic:  8/8        EV: 13    Int:  4    God:    Trog [***...]
Gold:   287        SH:  5    Dex: 12    Spells: 8/8 levels left

rFire   + . .        a - +0 mace (flame)
rCold   . . .        (no shield)
rNeg    . . .        p - +3 ring mail {rF+}
rPois   .            (helmet restricted)
rElec   +            (no cloak)
rCorr   +            (no gloves)
SInv    .            (no boots)
Will    .....        r - amulet of Kebroz {Reflect *Slow rElec Regen+ rCorr SH+5}
Stlth   +            l - +6 ring of strength
HPRegen 1.13/turn    i - +4 ring of slaying
MPRegen 0.11/turn

%: slow self (1%), reflection
@: on berserk cooldown, slowed, very slow
A: horns 2, retaliatory headbutt
a: Renounce Religion, Berserk, Trog's Hand


You were in a bailey.
You worshipped Trog.
Trog was most pleased with you.
You visited 1 branch of the dungeon, and saw 6 of its levels.
You also visited: Bailey.

You collected 287 gold pieces.

Inventory:

Hand Weapons
 a - a +0 mace of flaming (weapon)
 d - a +0 short sword of electrocution
 k - a +1 dagger of flaming
 o - a +1 dagger of draining
 q - a +0 whip of pain
 u - a +1 antimagic short sword
Armour
 b - a +0 animal skin
 j - a +0 chain mail
 p - a +3 ring mail of fire resistance (worn)
Jewellery
 c - a +6 ring of dexterity
 f - a ring of willpower
 i - a +4 ring of slaying (right hand)
 l - a +6 ring of strength (left hand)
 r - the amulet of Kebroz (around neck) {Reflect *Slow rElec Regen+ rCorr SH+5}
   (You found it on level 6 of the Dungeon)

   [amulet of reflection]

   It reflects blocked missile attacks.
   rElec:     It insulates you from electricity.
   Regen:     It increases your rate of health regeneration.
   rCorr:     It protects you from acid and corrosion.
   *Slow:     It may slow you when you take damage.
   SH:        It affects your SH (+5).
Wands
 t - a wand of paralysis (9)
 v - a wand of flame (16)
Scrolls
 e - 2 scrolls of teleportation
 h - a scroll of fear
 n - 4 scrolls of identify
 s - a scroll of poison
Potions
 g - a potion of berserk rage
 w - a potion of resistance


   Skills:
 + Level 7.4 Fighting
 + Level 4.3 Short Blades
 + Level 8.9 Maces & Flails
 + Level 7.7 Armour
 + Level 4.9 Dodging
 + Level 1.8 Stealth
 + Level 3.1 Shields


You had 8 spell levels left.
You didn't know any spells.
Your spell library contained the following spells:

 Spells                   Type           Power      Damage    Failure   Level
 Blink                    Tloc           0%         N/A       75%         2
 Lesser Beckoning         Tloc           0%         N/A       75%         2
 Momentum Strike          Conj/Tloc      0%         3d8       75%         2
 Static Discharge         Conj/Air       0%         2-2/arc   75%         2
 Airstrike                Air            0%         2d(0-16)  100%        4
 Summon Lightning Spire   Summ/Air       0%         N/A       100%        4
 Summon Forest            Summ/Tloc      0%         N/A       100%        5
 Eringya's Noxious Bog    Tmut/Pois      0%         N/A       100%        6
 Summon Hydra             Summ           0%         N/A       100%        7


Dungeon Overview and Level Annotations

Branches:
Dungeon (7/15)             Temple (0/1) D:5          Bailey (1/1)

Altars:
Fedhas

Shops:
D:6 :


Innate Abilities, Weirdness & Mutations

You have a pair of horns on your head.
You reflexively headbutt those who attack you in melee.


Message History

The kobold brigand is severely wounded.
The kobold brigand misses you. You furiously retaliate!
You headbutt the kobold brigand!
You kill the kobold brigand!
Trog accepts your kill.
You closely miss the orc warrior. The orc warrior misses you.
You hit the orc warrior. You burn the orc warrior.
The orc warrior is lightly wounded.
The orc warrior closely misses you. x2
You closely miss the orc warrior. You headbutt the orc warrior!
The orc warrior is severely wounded.
You block the orc warrior's attack.
The orc warrior hits you with a +0 war axe.
The orc warrior hits you with a +0 broad axe!
The orc warrior misses you. You furiously retaliate!
You headbutt the orc warrior! You closely miss the orc warrior.
The orc warrior is severely wounded.
The orc warrior barely misses you. x2
You hit the orc warrior but do no damage.
The orc warrior is severely wounded.
The orc warrior misses you. You furiously retaliate!
You headbutt the orc warrior!
The orc warrior hits you but does no damage.
You barely miss the orc warrior. Your headbutt misses the orc warrior.
The orc warrior is almost dead.
The orc warrior hits you with a +0 broad axe!
* * * LOW HITPOINT WARNING * * *
You feel as though you will be slow longer.
The orc warrior hits you with a +0 war axe!
* * * LOW HITPOINT WARNING * * *
The orc warrior hits you with a +0 broad axe.
* * * LOW HITPOINT WARNING * * *
The orc warrior barely misses you. You furiously retaliate!
You headbutt the orc warrior!
You feel better.
The orc warrior hits you with a +0 broad axe!
* * * LOW HITPOINT WARNING * * *
The orc warrior hits you with a +0 war axe!
You die...

#.###~~.......~~###.#
#....~~.......~~....#
#####~~.......~~#####
##~.......~##
####'''#### ##.....##
#∩.....∩# #...8...#
##.)@o.## ###o###
#...# .......
...........
...............
...............
#.............#
###.}!.(.$!.###


You could see 2 orc warriors.

Vanquished Creatures
  A two-headed ogre (D:7)
  A sky beast (D:7)
  3 orc warriors
  3 ice beasts
  A centaur (D:5)
  An ogre (D:6)
  6 kobold brigands
  A scorpion (D:6)
  A bullfrog (D:7)
  4 hounds
  An orc priest (D:6)
  2 gnoll boudas
  2 iguanas
  2 orc wizards
  19 gnolls
  4 adders
  A shadow imp (D:6)
  2 white imps (D:7)
  2 ufetubi
  3 worms (D:2)
  A dart slug (D:2)
  11 orcs
  2 ball pythons
  3 bats (D:2)
  4 endoplasms
  5 giant cockroaches
  9 goblins
  3 hobgoblins
  2 quokkas
  3 frilled lizards
  17 kobolds
  4 rats
124 creatures vanquished.

Notes
Turn   | Place    | Note
-------+----------+-------------------------------------------
     0 | D:1      | minhee2137 the Minotaur Berserker began the quest for the
                  | Orb.
     0 | D:1      | Reached XP level 1. HP: 19/19 MP: 0/0
   331 | D:1      | Reached skill level 4 in Maces & Flails
   331 | D:1      | Reached XP level 2. HP: 27/27 MP: 1/1
   726 | D:1      | Found a faded altar of an unknown god.
   925 | D:2      | Reached XP level 3. HP: 33/33 MP: 2/2
   976 | D:2      | Reached XP level 4. HP: 35/41 MP: 3/3
  1150 | D:2      | Reached ** piety under Trog
  1241 | D:2      | Reached skill level 1 in Short Blades
  1368 | D:2      | Found a blossoming altar of Fedhas.
  1672 | D:3      | You fall into a shaft and drop 2 floors!
  1672 | D:5      | Entered Level 5 of the Dungeon
  1693 | D:5      | Noticed a centaur
  1704 | D:5      | Killed a centaur
  1705 | D:5      | Reached skill level 5 in Fighting
  1705 | D:5      | Reached skill level 5 in Maces & Flails
  1705 | D:5      | Reached XP level 5. HP: 31/48 MP: 4/4
  1799 | D:5      | Found a staircase to the Ecumenical Temple.
  2164 | D:5      | Noticed an ice beast
  2169 | D:5      | Killed an ice beast
  2170 | D:5      | Reached XP level 6. HP: 56/56 MP: 5/5
  2585 | D:6      | Identified the amulet of Kebroz {Reflect *Slow rElec Regen+
                  | rCorr SH+5}
  2611 | D:6      | Noticed an ice beast
  2618 | D:6      | Killed an ice beast
  2619 | D:6      | Reached skill level 1 in Stealth
  2788 | D:6      | Noticed an orc warrior
  2797 | D:6      | Killed an orc warrior
  2798 | D:6      | Reached XP level 7. HP: 62/62 MP: 6/6
  2949 | D:6      | Reached skill level 1 in Shields
  3418 | D:6      | Found Efuaq's Self-Improvement Boutique.
  3425 | D:6      | Reached skill level 5 in Armour
  3463 | D:6      | Reached skill level 6 in Maces & Flails
  3677 | D:7      | Reached XP level 8. HP: 71/71 MP: 7/7
  3681 | D:7      | Noticed a two-headed ogre
  3692 | D:7      | Killed a two-headed ogre
  3693 | D:7      | Reached skill level 7 in Maces & Flails
  3945 | D:7      | Reached skill level 8 in Maces & Flails
  4009 | D:7      | Reached XP level 9. HP: 79/79 MP: 8/8
  4017 | D:7      | Reached *** piety under Trog
  4072 | D:7      | Found a flagged portal.
  4080 | Bailey   | Entered a bailey
  4235 | Bailey   | HP: 3/79 [orc warrior/+0 broad axe (1)]
  4236 | Bailey   | Slain by an orc warrior

Illustrated notes

Levels and vault maps discovered:
D:1:      saegor_arrival_simple_e, layout_basic, shapermc_ecumenical_altar_venn,
          minmay_pentomino_u2
D:2:      layout_basic, basic_altar
D:3:      layout_rooms, kennysheep_crisscross
D:5:      layout_cave_pods, minmay_temple_entry_waves
D:6:      layout_loops_corners, nicolae_shop_self_help
D:7:      wad_pebble_path, layout_loops_corners, enter_bailey_3
Bailey:   bailey_axe_3, bailey

Skill      XL: |  1  2  3  4  5  6  7  8  9 |
---------------+----------------------------+-----
Maces & Flails | 4 5 6 8 |  8.9
Fighting       | 4 5 6 7 |  7.4
Short Blades   | 2 3 4 |  4.3
Armour         | 3 4 5 7 |  7.7
Dodging        | 3 4 |  4.9
Stealth        | 1 |  1.8
Shields        | 1 2 3 |  3.1

Action                     |  1- 3 |  4- 6 |  7- 9 || total
---------------------------+-------+-------+-------++-------
  Melee: Mace              |     8 |    40 |   117 ||   165
         Short sword       |    34 |    37 |       ||    71
         Headbutt          |     3 |    16 |    15 ||    34
         Dagger            |       |     5 |       ||     5
         Punch             |       |       |     1 ||     1
 Invoke: Berserk           |     1 |     6 |     6 ||    13
         Trog's Hand       |       |       |     3 ||     3
    Use: Scroll            |     6 |     1 |     3 ||    10
         Potion            |     3 |     4 |     3 ||    10
 Armour: Animal skin       |     7 |     1 |       ||     8
         Chain mail        |       |    39 |       ||    39
         Ring mail         |       |     8 |    58 ||    66
  Dodge: Dodged            |    34 |    51 |    95 ||   180
  Block: Other             |       |     4 |    29 ||    33
         Reflection        |       |       |     3 ||     3
